 Dungeon Crawl Stone Soup version 0.24.1 (webtiles) character file.

Game seed: 3177645310732963851, levelgen mode: deterministic

3414 BuffBuff the Cleaver (level 9, -2/82 HPs)
             Began as a Minotaur Berserker on Apr 2, 2020.
             Was a High Priest of Trog.
             Slain by a two-headed ogre
             ... wielding a +0 giant club
              (9 damage)
             ... on level 7 of the Dungeon.
             The game lasted 00:20:36 (7286 turns).

BuffBuff the Cleaver (Minotaur Berserker)           Turns: 7286, Time: 00:20:36

Health: -2/82      AC: 12    Str: 26    XL:     9   Next: 76%
Magic:  8/8        EV: 10    Int:  4    God:    Trog [*****.]
Gold:   373        SH:  2    Dex:  9    Spells: 8/8 levels left

rFire    . . .     SeeInvis .   a - +0 war axe
rCold    . . .     Gourm    .   o - +0 buckler
rNeg     . . .     Faith    .   u - +0 chain mail {rPois}
rPois    +         Spirit   .   (helmet restricted)
rElec    .         Reflect  .   (no cloak)
rCorr    .         Harm     .   z - +0 pair of gloves
MR       .....                  (no boots)
Stlth    ..........             (no amulet)
HPRegen  0.23/turn              d - ring of flight
MPRegen  0.11/turn              (no ring)

@: berserk cooldown, slowed, very slow
A: retaliatory headbutt, horns 2
a: Berserk, Trog's Hand, Brothers in Arms, Renounce Religion, Evoke Flight


You were on level 7 of the Dungeon.
You worshipped Trog.
Trog was extremely pleased with you.
You were not hungry.

You visited 1 branch of the dungeon, and saw 8 of its levels.

You collected 373 gold pieces.

Inventory:

Hand Weapons
 a - a +0 war axe (weapon)
 A - a +3 antimagic long sword
Missiles
 p - 12 poisoned darts (quivered)
Armour
 g - a +1 chain mail
 o - a +0 buckler (worn)
 u - a +0 chain mail of poison resistance (worn)
 z - a +0 pair of gloves (worn)
Jewellery
 d - a ring of flight (left hand)
 t - an uncursed ring of positive energy {unknown}
Wands
 k - a wand of digging (10)
 w - a wand of flame (9)
Scrolls
 e - 5 scrolls of identify
 f - 2 scrolls of enchant armour
 h - 4 scrolls of teleportation
 r - a scroll of remove curse
 s - a scroll of torment {unknown}
 y - a scroll of enchant weapon {unknown}
Potions
 b - a potion of agility {unknown}
 i - 2 potions of curing {unknown}
 j - a potion of degeneration {unknown}
 l - a potion of flight {unknown}
 m - a potion of resistance {unknown}
 n - 2 potions of heal wounds {unknown}
 q - 2 potions of lignification {unknown}
 v - 2 potions of invisibility {unknown}
 x - a potion of brilliance {unknown}
Comestibles
 c - 13 rations


   Skills:
 + Level 8.3 Fighting
 * Level 11.0 Axes
 + Level 7.9 Armour
 + Level 7.1 Dodging


You had 8 spell levels left.
You didn't know any spells.
Your spell library was empty.

Dungeon Overview and Level Annotations

Branches:
Dungeon (8/15)             Temple (0/1) D:6
   Lair: D:8-11

Altars:
Dithmenos
Elyvilon
Kikubaaqudgha
Makhleb
Okawaru
Ru
Sif Muna
Trog
Uskayaw
Zin
The Shining One

Shops:
D:5 *   D:7 [


Innate Abilities, Weirdness & Mutations

You reflexively headbutt those who attack you in melee.
You have a pair of horns on your head.


Message History

The two-headed ogre hits you with a +0 giant club.
The two-headed ogre barely misses you.
You climb upwards.
There is a stone staircase leading down here.
You eat one of the 14 rations.
That ration really hit the spot!
The two-headed ogre barely misses you.
The two-headed ogre hits you with a +0 giant club.
You hit the two-headed ogre.
Your headbutt misses the two-headed ogre.
The two-headed ogre is lightly wounded.
The two-headed ogre hits you with a +0 giant club!
The two-headed ogre hits you with a +0 giant club!!
The two-headed ogre hits you with a +0 giant club!
* * * LOW HITPOINT WARNING * * *
The two-headed ogre hits you with a +0 giant club!
* * * LOW HITPOINT WARNING * * *
Okay, then.
Okay, then.
The two-headed ogre hits you with a +0 giant club!
You die...

.#######.#.......................
.# #.#.#....#...####).....^.. .#
#.###.......)).)..........
########.......#..######.........
........#####..#.>..# #.........
#######.#<.......##†# #.........
# #...#.#....#...##.# #.........
# #.#.#...#..#..O##.# #......(.#
# #.#....###....@##.# ##.......#
###.###.##.##....##.# #.......#
.......)...#......#.# #########
....).#.##.##.#...#.# #
###..####...####..#.# #
#.##....)....##.#.# #
#..####...####..#.# #
##..#.##.##.#...#.# #
##....#.#....#.#.# #


You could see a two-headed ogre.

Vanquished Creatures
  Pikel (D:7)
  Joseph (D:7)
  A polar bear (D:8)
  Prince Ribbit (D:7)
  Sigmund (D:6)
  Edmund (D:6)
  An orc warrior (D:6)
  A sky beast (D:7)
  A phantom (D:6)
  2 slaves (D:7)
  2 ogres
  2 gnoll sergeants
  7 bullfrogs
  A crimson imp (D:6)
  2 orc priests (D:5)
  3 hounds
  2 jellies
  2 bullfrog skeletons
  2 iguanas
  6 orc wizards
  Terence (D:3)
  3 worker ants
  A hound skeleton (D:6)
  A howler monkey zombie (D:5)
  A worker ant zombie (D:7)
  3 gnolls (D:5)
  4 adders
  9 river rats (D:6)
  A shadow imp (D:6)
  A white imp (D:8)
  An ooze (D:5)
  3 adder skeletons
  A worm (D:3)
  6 dart slugs
  3 leopard geckos
  30 orcs
  6 giant cockroaches
  7 goblins
  9 hobgoblins
  6 jackals
  7 kobolds
  6 quokkas
  2 ball pythons
  5 bats
  8 frilled lizards
  A leopard gecko skeleton (D:6)
  2 leopard gecko zombies (D:6)
  A quokka skeleton (D:6)
  20 rats
189 creatures vanquished.

Vanquished Creatures (others)
  A crimson imp (D:7)
1 creature vanquished.

Grand Total: 190 creatures vanquished

Notes
Turn   | Place    | Note
-------+----------+-------------------------------------------
     0 | D:1      | BuffBuff the Minotaur Berserker began the quest for the
                  | Orb.
     0 | D:1      | Reached XP level 1. HP: 19/19 MP: 0/0
   152 | D:1      | Reached XP level 2. HP: 20/27 MP: 1/1
   247 | D:1      | Reached skill level 4 in Axes
   893 | D:2      | Found an iron altar of Okawaru.
   896 | D:2      | Reached XP level 3. HP: 33/33 MP: 2/2
   904 | D:2      | Reached ** piety under Trog
  1083 | D:2      | Found a burning altar of Makhleb.
  1240 | D:2      | Found a shadowy altar of Dithmenos.
  1595 | D:3      | Reached XP level 4. HP: 34/40 MP: 3/3
  1951 | D:3      | Reached skill level 5 in Axes
  2082 | D:3      | Reached *** piety under Trog
  2088 | D:3      | Reached XP level 5. HP: 23/47 MP: 4/4
  2330 | D:3      | Found a white marble altar of Elyvilon.
  3027 | D:3      | Noticed Terence
  3031 | D:3      | Killed Terence
  3031 | D:3      | Reached XP level 6. HP: 55/55 MP: 5/5
  3331 | D:4      | Reached skill level 6 in Axes
  3376 | D:4      | Reached skill level 5 in Fighting
  3385 | D:4      | Got a bloodstained dagger
  3385 | D:4      | Identified the +6 dagger of Division {flame, *Drain Int+8}
                  | (You found it on level 4 of the Dungeon)
  3421 | D:4      | Found a faded altar of an unknown god.
  3421 | D:4      | Found a bloodstained altar of Trog.
  3426 | D:4      | Found a shimmering blue altar of Sif Muna.
  3428 | D:4      | Found a glowing golden altar of the Shining One.
  3430 | D:4      | Found an ancient bone altar of Kikubaaqudgha.
  3663 | D:5      | Entered Level 5 of the Dungeon
  3760 | D:5      | Found Monad's Assorted Antiques.
  3948 | D:5      | Reached XP level 7. HP: 53/61 MP: 6/6
  3967 | D:5      | Reached **** piety under Trog
  4028 | D:6      | Reached skill level 7 in Axes
  4028 | D:6      | Reached skill level 5 in Armour
  4607 | D:5      | Found a shadowy altar of Dithmenos.
  4659 | D:5      | Found a hide-covered altar of Uskayaw.
  4688 | D:5      | Found a glowing silver altar of Zin.
  4712 | D:5      | Found a sacrificial altar of Ru.
  4864 | D:6      | Found an ancient bone altar of Kikubaaqudgha.
  4980 | D:6      | Reached skill level 5 in Dodging
  4980 | D:6      | Reached XP level 8. HP: 42/70 MP: 7/7
  4985 | D:6      | Reached skill level 8 in Axes
  5334 | D:6      | Reached ***** piety under Trog
  5600 | D:6      | Noticed Edmund
  5625 | D:6      | Killed Edmund
  5625 | D:6      | Reached skill level 9 in Axes
  5710 | D:6      | Noticed Sigmund
  5733 | D:6      | Killed Sigmund
  5774 | D:6      | Found a staircase to the Ecumenical Temple.
  6134 | D:7      | Noticed Joseph
  6150 | D:7      | Killed Joseph
  6150 | D:7      | Reached XP level 9. HP: 71/79 MP: 8/8
  6316 | D:7      | Reached skill level 10 in Axes
  6316 | D:7      | Noticed Pikel
  6325 | D:7      | Killed Pikel
  6761 | D:7      | Found Hawkuch's Antique Armour Boutique.
  6775 | D:7      | Noticed Prince Ribbit
  6784 | D:7      | Killed Prince Ribbit
  7249 | D:8      | Noticed a polar bear
  7253 | D:8      | Received a gift from Trog
  7257 | D:8      | Noticed a two-headed ogre
  7259 | D:8      | Killed a polar bear
  7259 | D:8      | Reached skill level 11 in Axes
  7286 | D:7      | Slain by a two-headed ogre

Levels and vault maps discovered:
D:1:      evilmike_arrival_crescent, layout_basic
D:2:      layout_loops_cross, overflow_temple_1_default, old_standard_altar,
          okawaru_trees_1
D:3:      layout_loops_ring, elyvilon_altar_1, minmay_misc_feat_doors,
          uniq_terence
D:4:      layout_basic, yredelemnul_forgotten_temple_becter,
          chequers_temple_overflow_minitemple, first_ration,
          cheibrodos_sewer_entry_bend
D:5:      layout_loops_ring, marbit_many_paths, zin_academy,
          eat_drink_and_be_merry_uskayaw, serial_shops, shop,
          nicolae_dithmenos_the_darkroom
D:6:      lemuel_ratsnest, layout_basic, minmay_temple_entry_nine_rooms,
          basic_altar, minmay_between, uniq_edmund, uniq_sigmund
D:7:      layout_basic, serial_shops, shop, minmay_fractal_squares_gapless_5,
          uniq_prince_ribbit1, uniq_joseph, uniq_pikel
D:8:      layout_basic, kennysheep_little_box, david_lair_generic, serial_ice,
          serial_ice_a, serial_ice_b, serial_ice_f, serial_ice_d

Skill      XL: |  1  2  3  4  5  6  7  8  9 |
---------------+----------------------------+-----
Axes           | 4 5 6 7 9 11 | 11.0
Fighting       | 4 5 6 7 8 |  8.3
Armour         | 3 4 5 6 7 |  7.9
Dodging        | 3 4 5 6 7 |  7.1

Action                   |  1- 3 |  4- 6 |  7- 9 || total
-------------------------+-------+-------+-------++-------
Melee: Hand axe          |    92 |    23 |       ||   115
       Headbutt          |    10 |    19 |    41 ||    70
       War axe           |       |   112 |   250 ||   362
Invok: Berserk           |       |     1 |     4 ||     5
  Use: Scroll            |       |     8 |     5 ||    13
       Potion            |       |       |     2 ||     2
  Eat: Chunk             |     2 |     7 |    14 ||    23
       Ration            |       |       |     1 ||     1
Armor: Animal skin       |     8 |       |       ||     8
       Robe              |     6 |    18 |       ||    24
       Chain mail        |       |    30 |   102 ||   132
Dodge: Dodged            |    61 |    80 |   100 ||   241
Block: Buckler           |       |    10 |    10 ||    20
